[ PARTIDA AOE2 · #478406594 ]
UnrankedTeutones vs Dravidians
[ ANÁLISIS DE REPETICIÓN · EXTRAÍDO DE LA PARTIDA GRABADA ]
Feudal
—
Castillos
—
Imperial
—
| APM promedio | 35.1 |
| APM pico | 112 |
| eAPM promedio | 15.1 |
| Aldeanos / militares | 53 / 8 |
Foco
⚔️ 9.1% · 🌾 90.9%
Teutonic Knight ×6 · Monk ×1 · Trebuchet (Packed) ×1
Feudal
10:57
Castillos
14:27
Imperial
—
| APM promedio | 45.3 |
| APM pico | 106 |
| eAPM promedio | 19.0 |
| Aldeanos / militares | 66 / 8 |
Foco
⚔️ 12.0% · 🌾 88.0%
Skirmisher ×4 · Monk ×2 · Spearman ×2
Feudal
12:18
Castillos
27:12
Imperial
—
| APM promedio | 13.5 |
| APM pico | 28 |
| eAPM promedio | 10.0 |
| Aldeanos / militares | 56 / 39 |
Foco
⚔️ 21.4% · 🌾 78.6%
Spearman ×32 · Battering Ram ×7
Feudal
—
Castillos
—
Imperial
—
| APM promedio | 19.3 |
| APM pico | 44 |
| eAPM promedio | 13.3 |
| Aldeanos / militares | 67 / 36 |
Foco
⚔️ 34.3% · 🌾 65.7%
Janissary ×12 · Cavalry Archer ×8 · Battering Ram ×7 · Skirmisher ×5 · Petard ×4
Feudal
—
Castillos
—
Imperial
—
| APM promedio | 22.4 |
| APM pico | 58 |
| eAPM promedio | 9.3 |
| Aldeanos / militares | 59 / 27 |
Foco
⚔️ 14.5% · 🌾 85.5%
Conquistador ×27
Feudal
—
Castillos
—
Imperial
—
| APM promedio | 35.2 |
| APM pico | 77 |
| eAPM promedio | 16.2 |
| Aldeanos / militares | 108 / 13 |
Foco
⚔️ 14.7% · 🌾 85.3%
Skirmisher ×11 · Monk ×2
Mapa de la partida
Recursos iniciales + cada clic de construcción. Líneas = muros · curvas = relieve. ◆ oro · ⬟ piedra · ● bayas · ✦ reliquia · ◌ hueco del cierre
Tu base· ✓ Cerrada en 13:08 · 0t muro · 3 puerta(s)
Base de CCM | Muflon de Elite· ✓ Cerrada en 14:27 · 0t muro · 3 puerta(s)
Base de F123DY· ✓ Cerrada en 27:12 · 0t muro · 2 puerta(s)
Base de DANIMAXDA11· ✓ Cerrada en 15:19 · 0t muro · 2 puerta(s)
Base de axelCGOMarcus· ✓ Cerrada en 13:41 · 0t muro · 2 puerta(s)
Base de Tomy25142· ✓ Cerrada en 12:40 · 0t muro · 2 puerta(s)
Terreno inicial suavizado · ◌ = hueco del cierre detectado · pasá el cursor para detalles
Inputs por minuto
— Ulix21X - - CCM | Muflon de Elite
Build order — Ulix21X
136 acciones detectadas en el replay
| 0:01 | Crear | Villager (Male) |
| 0:01 | Crear | Villager (Male) |
| 0:01 | Crear | Villager (Male) |
| 0:02 | Construir | House |
| 0:04 | Construir | House |
| 0:04 | Crear | Villager (Male) |
| 1:28 | Crear | Villager (Male) |
| 1:49 | Crear | Villager (Male) |
| 2:08 | Construir | Lumber Camp |
| 2:30 | Crear | Villager (Male) |
| 2:30 | Crear | Villager (Male) |
| 2:31 | Crear | Villager (Male) |
| 2:55 | Crear | Villager (Male) |
| 2:55 | Crear | Villager (Male) |
| 3:35 | Crear | Villager (Male) |
| 3:48 | Construir | House |
| 4:01 | Crear | Villager (Male) |
| 4:40 | Crear | Villager (Male) |
| 4:40 | Crear | Villager (Male) |
| 5:01 | Crear | Villager (Male) |
| 5:32 | Crear | Villager (Male) |
| 5:32 | Crear | Villager (Male) |
| 5:46 | Crear | Villager (Male) |
| 5:46 | Crear | Villager (Male) |
| 5:59 | Construir | House |
| 6:07 | Crear | Villager (Male) |
| 6:28 | Construir | Mill |
| 7:14 | Crear | Villager (Male) |
| 7:14 | Crear | Villager (Male) |
| 7:47 | Construir | House |
| 7:51 | Construir | House |
| 8:18 | Crear | Villager (Male) |
| 8:51 | Crear | Villager (Male) |
| 9:01 | Crear | Villager (Male) |
| 9:18 | Construir | Mining Camp |
| 9:26 | Construir | Farm |
| 9:35 | Construir | Lumber Camp |
| 9:40 | Investigar | Feudal Age |
| 10:21 | Construir | Farm |
| 10:22 | Construir | Farm |
| 10:24 | Construir | Farm |
| 10:25 | Construir | Farm |
| 10:49 | Construir | Farm |
| 11:38 | Crear | Villager (Male) |
| 11:38 | Crear | Villager (Male) |
| 12:16 | Construir | Blacksmith |
| 12:19 | Construir | Market |
| 12:33 | Investigar | Double-Bit Axe |
| 12:42 | Construir | Farm |
| 13:08 | Investigar | Castle Age |
| 13:10 | Construir | Farm |
| 13:12 | Investigar | Horse Collar |
| 14:35 | Construir | Mining Camp |
| 14:37 | Investigar | Stone Mining |
| 15:31 | Investigar | Wheelbarrow |
| 15:51 | Construir | Town Center |
| 15:57 | Construir | Monastery |
| 16:00 | Investigar | Bow Saw |
| 16:11 | Investigar | Heavy Plow |
| 16:27 | Investigar | Stone Shaft Mining |
| 16:35 | Crear | Monk |
| 16:38 | Investigar | Fervor |
| 16:53 | Crear | Villager (Male) |
| 17:32 | Construir | Farm |
| 17:34 | Crear | Villager (Male) |
| 17:34 | Crear | Villager (Male) |
| 18:08 | Construir | Farm |
| 18:10 | Construir | Farm |
| 18:15 | Construir | University |
| 18:18 | Crear | Villager (Male) |
| 18:18 | Crear | Villager (Male) |
| 18:34 | Crear | Villager (Male) |
| 18:46 | Construir | Farm |
| 18:56 | Crear | Villager (Male) |
| 19:05 | Construir | House |
| 19:05 | Construir | House |
| 19:08 | Construir | House |
| 19:09 | Construir | House |
| 19:13 | Construir | Farm |
| 19:19 | Crear | Villager (Male) |
| 19:20 | Crear | Villager (Male) |
| 19:24 | Construir | Farm |
| 19:34 | Construir | Farm |
| 19:38 | Crear | Villager (Male) |
| 19:52 | Construir | Mill |
| 19:54 | Construir | Farm |
| 19:59 | Crear | Villager (Male) |
| 20:00 | Crear | Villager (Male) |
| 20:38 | Construir | Farm |
| 20:39 | Crear | Villager (Male) |
| 20:39 | Crear | Villager (Male) |
| 20:52 | Construir | Farm |
| 21:09 | Construir | Castle |
| 21:28 | Construir | Farm |
| 21:30 | Construir | Farm |
| 21:39 | Crear | Villager (Male) |
| 21:45 | Crear | Villager (Male) |
| 22:12 | Crear | Villager (Male) |
| 22:12 | Crear | Villager (Male) |
| 22:43 | Investigar | Imperial Age |
| 22:43 | Investigar | Imperial Age |
| 22:46 | Construir | Farm |
| 22:56 | Construir | Farm |
| 23:01 | Construir | Farm |
| 23:04 | Investigar | Loom |
| 23:05 | Crear | Villager (Male) |
| 23:12 | Investigar | Fletching |
| 24:06 | Construir | Barracks |
| 24:11 | Construir | Farm |
| 24:13 | Investigar | Ballistics |
| 24:38 | Crear | Villager (Male) |
| 24:50 | Investigar | Bodkin Arrow |
| 24:58 | Crear | Teutonic Knight |
| 25:03 | Investigar | Gambesons |
| 25:04 | Crear | Teutonic Knight |
| 25:20 | Construir | Siege Workshop |
| 25:27 | Construir | Farm |
| 25:29 | Crear | Teutonic Knight |
| 25:41 | Crear | Teutonic Knight |
| 25:48 | Investigar | Man-at-Arms (upgrade) |
| 25:54 | Crear | Teutonic Knight |
| 26:44 | Crear | Teutonic Knight |
| 26:47 | Investigar | Conscription |
| 27:04 | Investigar | Chemistry |
| 27:11 | Investigar | Hand Cart |
| 27:12 | Crear | Villager (Male) |
| 27:13 | Investigar | Crop Rotation |
| 27:29 | Crear | Villager (Male) |
| 27:40 | Construir | Farm |
| 27:45 | Construir | Farm |
| 27:51 | Crear | Villager (Male) |
| 27:51 | Crear | Villager (Male) |
| 27:57 | Crear | Trebuchet (Packed) |
| 28:17 | Construir | Farm |
| 28:24 | Construir | Stable |
| 28:26 | Crear | Villager (Male) |
Build order — CCM | Muflon de Elite
Primeras 150 de 161 acciones detectadas
| 0:01 | Crear | Villager (Male) |
| 0:01 | Crear | Villager (Male) |
| 0:01 | Crear | Villager (Male) |
| 0:02 | Construir | House |
| 0:04 | Construir | House |
| 0:11 | Crear | Villager (Male) |
| 0:12 | Crear | Villager (Male) |
| 1:18 | Crear | Villager (Male) |
| 1:47 | Crear | Villager (Male) |
| 1:49 | Construir | Lumber Camp |
| 2:08 | Crear | Villager (Male) |
| 2:08 | Crear | Villager (Male) |
| 2:49 | Crear | Villager (Male) |
| 3:22 | Crear | Villager (Male) |
| 3:33 | Construir | House |
| 3:43 | Crear | Villager (Male) |
| 3:51 | Crear | Villager (Male) |
| 4:02 | Construir | House |
| 4:36 | Crear | Villager (Male) |
| 5:00 | Construir | Mill |
| 5:27 | Crear | Villager (Male) |
| 5:45 | Crear | Villager (Male) |
| 6:11 | Crear | Villager (Male) |
| 6:37 | Crear | Villager (Male) |
| 6:46 | Construir | Mining Camp |
| 6:55 | Crear | Villager (Male) |
| 7:19 | Crear | Villager (Male) |
| 7:53 | Crear | Villager (Male) |
| 8:19 | Crear | Villager (Male) |
| 8:44 | Investigar | Feudal Age |
| 8:53 | Construir | House |
| 9:21 | Construir | Farm |
| 9:26 | Construir | Farm |
| 9:48 | Construir | House |
| 10:23 | Investigar | Loom |
| 10:31 | Construir | Farm |
| 10:57 | Edad | Edad Feudal |
| 11:01 | Construir | Market |
| 11:03 | Construir | Blacksmith |
| 11:16 | Crear | Villager (Male) |
| 11:47 | Investigar | Castle Age |
| 12:03 | Construir | Farm |
| 12:06 | Construir | Farm |
| 12:12 | Investigar | Double-Bit Axe |
| 12:22 | Construir | Farm |
| 12:29 | Construir | Farm |
| 12:46 | Construir | House |
| 12:47 | Construir | House |
| 13:33 | Investigar | Horse Collar |
| 14:14 | Crear | Villager (Male) |
| 14:25 | Construir | House |
| 14:27 | Edad | Edad de los Castillos |
| 14:28 | Crear | Villager (Male) |
| 14:35 | Construir | Town Center |
| 14:40 | Crear | Villager (Male) |
| 14:50 | Construir | Town Center |
| 15:01 | Construir | Farm |
| 15:04 | Crear | Villager (Male) |
| 15:24 | Crear | Villager (Male) |
| 15:32 | Construir | Monastery |
| 15:39 | Crear | Villager (Male) |
| 15:49 | Investigar | Wheelbarrow |
| 16:02 | Crear | Villager (Male) |
| 16:06 | Crear | Villager (Male) |
| 16:17 | Crear | Villager (Male) |
| 16:21 | Crear | Monk |
| 16:34 | Crear | Villager (Male) |
| 16:40 | Crear | Villager (Male) |
| 16:49 | Construir | Barracks |
| 16:51 | Crear | Villager (Male) |
| 16:57 | Construir | Farm |
| 17:08 | Construir | Farm |
| 17:09 | Crear | Villager (Male) |
| 17:36 | Construir | House |
| 17:36 | Crear | Villager (Male) |
| 17:36 | Crear | Villager (Male) |
| 17:43 | Construir | Farm |
| 17:47 | Construir | Farm |
| 17:48 | Crear | Villager (Male) |
| 17:50 | Construir | Farm |
| 17:59 | Crear | Monk |
| 18:02 | Crear | Villager (Male) |
| 18:09 | Construir | Farm |
| 18:14 | Construir | House |
| 18:15 | Crear | Spearman |
| 18:22 | Crear | Villager (Male) |
| 18:28 | Construir | Farm |
| 18:34 | Construir | Farm |
| 18:35 | Crear | Villager (Male) |
| 18:41 | Construir | Farm |
| 18:46 | Construir | House |
| 18:48 | Crear | Villager (Male) |
| 18:55 | Construir | Farm |
| 18:56 | Crear | Villager (Male) |
| 19:23 | Crear | Villager (Male) |
| 19:26 | Construir | Farm |
| 19:28 | Investigar | Heavy Plow |
| 19:35 | Construir | House |
| 19:38 | Construir | Farm |
| 19:39 | Crear | Villager (Male) |
| 19:44 | Construir | Farm |
| 19:49 | Construir | Farm |
| 19:52 | Crear | Villager (Male) |
| 19:58 | Crear | Spearman |
| 20:06 | Crear | Villager (Male) |
| 20:08 | Crear | Villager (Male) |
| 20:11 | Crear | Villager (Male) |
| 20:16 | Construir | Farm |
| 20:21 | Construir | Farm |
| 20:26 | Construir | House |
| 20:27 | Construir | House |
| 20:28 | Construir | House |
| 20:38 | Crear | Villager (Male) |
| 20:40 | Crear | Villager (Male) |
| 20:46 | Crear | Villager (Male) |
| 20:55 | Construir | Town Center |
| 21:11 | Crear | Villager (Male) |
| 21:13 | Investigar | Hand Cart |
| 21:18 | Construir | Farm |
| 21:19 | Construir | Farm |
| 21:19 | Construir | Farm |
| 21:22 | Crear | Villager (Male) |
| 21:44 | Crear | Villager (Male) |
| 21:44 | Crear | Villager (Male) |
| 21:46 | Construir | Farm |
| 21:47 | Crear | Villager (Male) |
| 21:53 | Construir | Town Center |
| 22:06 | Construir | House |
| 22:41 | Construir | Lumber Camp |
| 23:02 | Crear | Villager (Male) |
| 23:02 | Crear | Villager (Male) |
| 23:14 | Crear | Villager (Male) |
| 23:14 | Crear | Villager (Male) |
| 23:37 | Construir | Mining Camp |
| 23:43 | Crear | Villager (Male) |
| 23:59 | Construir | Town Center |
| 24:22 | Construir | Lumber Camp |
| 24:55 | Construir | Archery Range |
| 24:57 | Investigar | Padded Archer Armor |
| 25:10 | Investigar | Forging |
| 25:16 | Crear | Villager (Male) |
| 25:18 | Construir | Farm |
| 25:19 | Construir | Farm |
| 25:32 | Construir | Market |
| 25:59 | Construir | Farm |
| 26:01 | Construir | Farm |
| 26:06 | Construir | Farm |
| 26:33 | Investigar | Fletching |
| 26:45 | Construir | Town Center |
| 26:53 | Crear | Skirmisher |
Build order — F123DY
Primeras 150 de 155 acciones detectadas
| 0:04 | Crear | Villager (Male) ×4 |
| 0:08 | Construir | House |
| 0:13 | Construir | House |
| 1:31 | Crear | Villager (Male) |
| 1:44 | Construir | House |
| 1:46 | Construir | House |
| 1:55 | Construir | House |
| 2:18 | Crear | Villager (Male) |
| 2:45 | Crear | Villager (Male) |
| 2:45 | Crear | Villager (Male) |
| 3:22 | Crear | Villager (Male) |
| 3:43 | Crear | Villager (Male) |
| 4:03 | Crear | Villager (Male) |
| 4:20 | Crear | Villager (Male) |
| 4:20 | Crear | Villager (Male) |
| 5:23 | Construir | Mill |
| 5:44 | Construir | Mill |
| 5:46 | Crear | Villager (Male) |
| 5:47 | Crear | Villager (Male) |
| 5:47 | Crear | Villager (Male) |
| 7:04 | Crear | Villager (Male) |
| 7:34 | Crear | Villager (Male) |
| 7:58 | Crear | Villager (Male) |
| 8:14 | Crear | Villager (Male) |
| 8:14 | Crear | Villager (Male) |
| 8:22 | Construir | Mining Camp |
| 8:58 | Construir | Lumber Camp |
| 9:15 | Construir | Lumber Camp |
| 9:18 | Crear | Villager (Male) |
| 9:18 | Crear | Villager (Male) |
| 9:58 | Investigar | Feudal Age |
| 10:23 | Construir | House |
| 10:24 | Construir | House |
| 11:22 | Construir | Farm |
| 11:23 | Construir | Farm |
| 11:23 | Construir | Farm |
| 11:35 | Construir | House |
| 11:45 | Crear | Villager (Male) |
| 11:46 | Crear | Villager (Male) |
| 11:46 | Crear | Villager (Male) |
| 12:13 | Construir | Barracks |
| 12:18 | Edad | Edad Feudal |
| 12:30 | Construir | Blacksmith |
| 13:17 | Construir | Siege Workshop |
| 13:34 | Crear | Villager (Male) |
| 13:34 | Crear | Villager (Male) |
| 13:36 | Crear | Villager (Male) |
| 13:54 | Crear | Battering Ram |
| 14:08 | Investigar | Double-Bit Axe |
| 14:22 | Crear | Spearman |
| 14:22 | Crear | Spearman |
| 14:23 | Crear | Spearman |
| 14:25 | Crear | Spearman |
| 14:25 | Crear | Spearman |
| 14:26 | Crear | Spearman |
| 14:29 | Crear | Spearman |
| 14:43 | Crear | Battering Ram |
| 14:46 | Crear | Spearman |
| 14:46 | Crear | Spearman |
| 14:47 | Crear | Spearman |
| 14:47 | Crear | Spearman |
| 14:47 | Crear | Spearman |
| 14:54 | Crear | Villager (Male) |
| 14:54 | Crear | Villager (Male) |
| 15:21 | Crear | Battering Ram |
| 15:41 | Crear | Battering Ram |
| 15:44 | Crear | Spearman |
| 15:49 | Crear | Villager (Male) |
| 15:49 | Crear | Villager (Male) |
| 15:50 | Crear | Villager (Male) |
| 15:50 | Crear | Villager (Male) |
| 15:50 | Crear | Villager (Male) |
| 16:06 | Investigar | Horse Collar |
| 16:12 | Crear | Spearman |
| 16:13 | Crear | Spearman |
| 16:21 | Construir | House |
| 16:22 | Construir | House |
| 16:48 | Construir | Farm |
| 16:48 | Construir | Farm |
| 16:49 | Construir | Farm |
| 16:55 | Crear | Spearman |
| 16:56 | Crear | Spearman |
| 17:23 | Construir | House |
| 17:24 | Construir | House |
| 17:26 | Construir | House |
| 17:27 | Construir | House |
| 17:41 | Construir | Barracks |
| 18:04 | Construir | Farm |
| 18:05 | Construir | Farm |
| 18:06 | Construir | Farm |
| 18:11 | Construir | Farm |
| 18:22 | Construir | Farm |
| 18:40 | Construir | Farm |
| 18:46 | Construir | Farm |
| 18:53 | Crear | Spearman ×5 |
| 19:08 | Crear | Villager (Male) |
| 19:10 | Crear | Battering Ram |
| 19:26 | Crear | Villager (Male) ×5 |
| 19:32 | Construir | House |
| 19:33 | Construir | House |
| 19:34 | Construir | House |
| 19:36 | Construir | House |
| 19:37 | Construir | House |
| 19:39 | Construir | House |
| 19:44 | Construir | Farm |
| 19:55 | Construir | Farm |
| 19:56 | Construir | Farm |
| 20:06 | Construir | Farm |
| 20:11 | Construir | Farm |
| 20:23 | Crear | Spearman ×5 |
| 20:55 | Crear | Battering Ram |
| 21:06 | Investigar | Arson |
| 21:08 | Investigar | Scale Mail Armor |
| 21:08 | Investigar | Forging |
| 21:30 | Construir | Town Center |
| 21:37 | Crear | Villager (Male) |
| 21:37 | Crear | Villager (Male) |
| 21:37 | Crear | Villager (Male) |
| 23:00 | Crear | Battering Ram |
| 23:02 | Crear | Spearman ×5 |
| 23:10 | Construir | House |
| 23:12 | Construir | House |
| 23:42 | Construir | Farm |
| 23:43 | Construir | Farm |
| 23:43 | Construir | Farm |
| 23:43 | Construir | Farm |
| 23:43 | Construir | Farm |
| 23:44 | Construir | Farm |
| 23:45 | Construir | Farm |
| 23:46 | Construir | Farm |
| 24:15 | Construir | House |
| 24:16 | Construir | House |
| 24:17 | Construir | House |
| 24:19 | Construir | House |
| 24:21 | Construir | House |
| 24:22 | Construir | House |
| 24:28 | Construir | Farm |
| 24:32 | Investigar | Castle Age |
| 24:37 | Crear | Villager (Male) |
| 25:07 | Construir | Farm |
| 25:07 | Construir | Farm |
| 25:08 | Construir | Farm |
| 25:09 | Construir | Farm |
| 25:36 | Investigar | Wheelbarrow |
| 25:37 | Crear | Villager (Male) ×5 |
| 27:01 | Investigar | Gold Mining |
| 27:02 | Investigar | Stone Mining |
| 27:07 | Construir | Mining Camp |
| 27:12 | Edad | Edad de los Castillos |
| 27:21 | Investigar | Capped Ram (upgrade) |
Build order — DANIMAXDA11
Primeras 150 de 174 acciones detectadas
| 0:02 | Crear | Villager (Male) |
| 0:02 | Crear | Villager (Male) |
| 0:04 | Construir | House |
| 0:06 | Construir | House |
| 0:12 | Crear | Villager (Male) |
| 0:12 | Crear | Villager (Male) |
| 0:13 | Crear | Villager (Male) |
| 1:42 | Crear | Villager (Male) |
| 1:42 | Crear | Villager (Male) |
| 1:42 | Crear | Villager (Male) |
| 2:17 | Crear | Villager (Male) |
| 2:41 | Crear | Villager (Male) |
| 3:04 | Crear | Villager (Male) |
| 3:04 | Crear | Villager (Male) |
| 3:52 | Crear | Villager (Male) |
| 3:52 | Crear | Villager (Male) |
| 3:53 | Crear | Villager (Male) |
| 4:00 | Crear | Villager (Male) |
| 4:00 | Crear | Villager (Male) |
| 4:11 | Crear | Villager (Male) |
| 4:12 | Crear | Villager (Male) |
| 4:12 | Crear | Villager (Male) |
| 4:12 | Crear | Villager (Male) |
| 4:12 | Crear | Villager (Male) |
| 4:17 | Construir | House |
| 4:39 | Crear | Villager (Male) |
| 4:39 | Crear | Villager (Male) |
| 4:48 | Construir | Mill |
| 4:50 | Crear | Villager (Male) |
| 4:56 | Crear | Villager (Male) |
| 5:06 | Construir | Mining Camp |
| 5:14 | Crear | Villager (Male) |
| 5:14 | Crear | Villager (Male) |
| 5:51 | Crear | Villager (Male) |
| 6:45 | Investigar | Loom |
| 6:50 | Construir | House |
| 6:53 | Crear | Villager (Male) |
| 6:53 | Crear | Villager (Male) |
| 7:00 | Construir | Lumber Camp |
| 7:03 | Crear | Villager (Male) |
| 7:03 | Crear | Villager (Male) |
| 7:03 | Crear | Villager (Male) |
| 8:28 | Construir | Farm |
| 8:28 | Construir | Farm |
| 8:29 | Construir | Farm |
| 9:05 | Construir | Farm |
| 9:22 | Construir | Farm |
| 9:24 | Investigar | Feudal Age |
| 9:50 | Construir | House |
| 10:24 | Construir | Lumber Camp |
| 10:35 | Construir | Farm |
| 11:35 | Investigar | Double-Bit Axe |
| 11:35 | Investigar | Double-Bit Axe |
| 11:36 | Crear | Villager (Male) |
| 11:36 | Crear | Villager (Male) |
| 11:37 | Crear | Villager (Male) |
| 11:48 | Investigar | Horse Collar |
| 11:53 | Crear | Villager (Male) |
| 11:53 | Crear | Villager (Male) |
| 12:05 | Construir | Farm |
| 12:11 | Construir | Farm |
| 12:23 | Construir | House |
| 12:41 | Construir | Farm |
| 12:51 | Construir | Farm |
| 13:00 | Crear | Villager (Male) |
| 13:00 | Crear | Villager (Male) |
| 13:00 | Crear | Villager (Male) |
| 13:31 | Construir | Blacksmith |
| 14:13 | Construir | Market |
| 14:49 | Construir | Farm |
| 14:52 | Construir | Farm |
| 14:55 | Construir | Farm |
| 15:19 | Investigar | Castle Age |
| 15:57 | Construir | Barracks |
| 16:05 | Crear | Villager (Male) |
| 16:06 | Crear | Villager (Male) |
| 16:06 | Crear | Villager (Male) |
| 16:24 | Construir | Mining Camp |
| 16:39 | Crear | Villager (Male) |
| 16:58 | Construir | House |
| 17:07 | Investigar | Gold Mining |
| 18:06 | Construir | Castle |
| 18:10 | Investigar | Fletching |
| 18:10 | Investigar | Padded Archer Armor |
| 18:23 | Construir | Archery Range |
| 18:39 | Construir | Gate |
| 18:50 | Crear | Villager (Male) |
| 18:52 | Investigar | Bow Saw |
| 19:00 | Investigar | Heavy Plow |
| 19:02 | Crear | Villager (Male) |
| 19:02 | Crear | Villager (Male) |
| 19:10 | Investigar | Scale Mail Armor |
| 19:25 | Crear | Villager (Male) |
| 19:25 | Crear | Villager (Male) |
| 19:25 | Crear | Villager (Male) |
| 19:25 | Crear | Villager (Male) |
| 19:36 | Construir | House |
| 19:36 | Construir | House |
| 19:37 | Construir | House |
| 20:00 | Construir | Stone Wall |
| 20:07 | Construir | House |
| 20:09 | Construir | House |
| 20:11 | Construir | House |
| 20:13 | Construir | House |
| 20:24 | Construir | Lumber Camp |
| 20:27 | Crear | Janissary |
| 20:28 | Crear | Janissary |
| 20:31 | Crear | Skirmisher |
| 21:41 | Crear | Janissary |
| 21:41 | Crear | Janissary |
| 21:41 | Crear | Janissary |
| 21:45 | Crear | Skirmisher |
| 21:45 | Crear | Skirmisher |
| 21:45 | Crear | Skirmisher |
| 21:46 | Crear | Skirmisher |
| 21:47 | Crear | Villager (Male) |
| 21:47 | Crear | Villager (Male) |
| 21:47 | Crear | Villager (Male) |
| 21:53 | Crear | Villager (Male) |
| 21:53 | Crear | Villager (Male) |
| 22:03 | Construir | Mill |
| 22:04 | Construir | Farm |
| 22:04 | Construir | Farm |
| 22:04 | Construir | Farm |
| 22:05 | Construir | Farm |
| 22:14 | Crear | Villager (Male) |
| 22:14 | Crear | Villager (Male) |
| 22:30 | Crear | Petard |
| 22:30 | Crear | Petard |
| 22:51 | Construir | Siege Workshop |
| 23:03 | Crear | Cavalry Archer |
| 23:03 | Crear | Cavalry Archer |
| 23:03 | Crear | Cavalry Archer |
| 23:08 | Crear | Janissary |
| 23:09 | Crear | Janissary |
| 23:09 | Crear | Janissary |
| 23:26 | Crear | Petard |
| 23:27 | Crear | Petard |
| 23:41 | Crear | Villager (Male) |
| 23:41 | Crear | Villager (Male) |
| 24:00 | Crear | Battering Ram |
| 24:01 | Crear | Battering Ram |
| 24:27 | Construir | Mining Camp |
| 24:38 | Construir | Farm |
| 24:38 | Construir | Farm |
| 24:38 | Construir | Farm |
| 24:39 | Construir | Farm |
| 24:39 | Construir | Farm |
| 24:39 | Construir | Farm |
| 24:39 | Construir | Farm |
Build order — axelCGOMarcus
107 acciones detectadas en el replay
| 0:02 | Crear | Villager (Male) ×4 |
| 0:06 | Construir | House |
| 0:07 | Construir | House |
| 0:10 | Construir | House |
| 1:44 | Crear | Villager (Male) |
| 1:44 | Crear | Villager (Male) |
| 2:00 | Crear | Villager (Male) |
| 2:45 | Construir | Lumber Camp |
| 2:47 | Crear | Villager (Male) ×3 |
| 4:13 | Crear | Villager (Male) ×3 |
| 4:14 | Crear | Villager (Male) |
| 4:14 | Crear | Villager (Male) |
| 4:56 | Crear | Villager (Male) ×2 |
| 5:10 | Construir | Mill |
| 5:17 | Crear | Villager (Male) |
| 5:17 | Crear | Villager (Male) |
| 6:00 | Construir | House |
| 6:01 | Construir | House |
| 6:02 | Construir | House |
| 6:03 | Construir | House |
| 6:04 | Construir | House |
| 6:28 | Construir | House |
| 6:29 | Construir | House |
| 6:49 | Crear | Villager (Male) ×5 |
| 7:42 | Construir | Mining Camp |
| 8:10 | Construir | House |
| 8:11 | Construir | House |
| 9:16 | Crear | Villager (Male) |
| 9:16 | Crear | Villager (Male) |
| 10:07 | Investigar | Feudal Age |
| 12:01 | Crear | Villager (Male) |
| 12:01 | Crear | Villager (Male) |
| 12:01 | Crear | Villager (Male) |
| 12:58 | Construir | Market |
| 13:03 | Construir | Blacksmith |
| 13:12 | Construir | Mining Camp |
| 13:18 | Construir | Farm |
| 13:19 | Construir | Farm |
| 13:19 | Construir | Farm |
| 13:20 | Construir | Farm |
| 13:20 | Construir | Farm |
| 13:21 | Construir | Farm |
| 13:21 | Construir | Farm |
| 13:22 | Construir | Farm |
| 13:41 | Investigar | Castle Age |
| 15:38 | Crear | Villager (Male) |
| 15:38 | Crear | Villager (Male) |
| 15:38 | Crear | Villager (Male) |
| 17:04 | Construir | Castle |
| 17:15 | Crear | Villager (Male) |
| 17:16 | Crear | Villager (Male) |
| 17:16 | Crear | Villager (Male) |
| 17:25 | Construir | Farm |
| 17:25 | Construir | Farm |
| 17:26 | Construir | Farm |
| 17:26 | Construir | Farm |
| 17:27 | Construir | Farm |
| 17:28 | Construir | Farm |
| 17:28 | Construir | Farm |
| 17:29 | Construir | Farm |
| 17:56 | Crear | Conquistador ×4 |
| 18:39 | Crear | Conquistador |
| 18:39 | Crear | Conquistador |
| 19:05 | Crear | Villager (Male) |
| 19:07 | Crear | Villager (Male) |
| 19:31 | Crear | Conquistador |
| 20:23 | Crear | Conquistador |
| 20:37 | Crear | Conquistador ×3 |
| 21:06 | Crear | Conquistador |
| 21:16 | Crear | Villager (Male) |
| 21:17 | Crear | Villager (Male) |
| 21:17 | Crear | Villager (Male) |
| 21:18 | Crear | Villager (Male) |
| 21:56 | Crear | Conquistador |
| 21:56 | Crear | Conquistador |
| 21:56 | Crear | Conquistador |
| 21:57 | Crear | Conquistador |
| 23:02 | Crear | Villager (Male) |
| 23:03 | Crear | Villager (Male) |
| 23:03 | Crear | Villager (Male) |
| 23:07 | Construir | Town Center |
| 24:08 | Crear | Conquistador |
| 24:09 | Crear | Conquistador |
| 24:09 | Crear | Conquistador |
| 24:09 | Crear | Conquistador |
| 24:10 | Crear | Conquistador |
| 24:15 | Crear | Villager (Male) ×5 |
| 24:32 | Construir | Town Center |
| 24:57 | Crear | Conquistador |
| 24:58 | Crear | Conquistador |
| 25:03 | Construir | House |
| 25:04 | Construir | House |
| 25:05 | Construir | House |
| 25:06 | Construir | House |
| 25:07 | Construir | House |
| 25:07 | Construir | House |
| 25:09 | Construir | House |
| 25:11 | Construir | House |
| 25:12 | Construir | House |
| 25:13 | Construir | House |
| 25:17 | Crear | Villager (Male) ×5 |
| 25:17 | Crear | Villager (Male) ×5 |
| 25:21 | Construir | Farm |
| 25:43 | Crear | Conquistador |
| 25:43 | Crear | Conquistador |
| 27:23 | Crear | Conquistador |
| 27:23 | Crear | Conquistador |
Build order — Tomy25142
Primeras 150 de 227 acciones detectadas
| 0:00 | Crear | Villager (Male) |
| 0:02 | Construir | House |
| 0:04 | Construir | House |
| 0:10 | Crear | Villager (Male) |
| 0:10 | Crear | Villager (Male) |
| 0:10 | Crear | Villager (Male) |
| 0:13 | Crear | Villager (Male) |
| 0:13 | Crear | Villager (Male) |
| 1:40 | Construir | Lumber Camp |
| 1:45 | Crear | Villager (Male) |
| 1:46 | Crear | Villager (Male) |
| 2:24 | Crear | Villager (Male) |
| 2:24 | Crear | Villager (Male) |
| 2:24 | Crear | Villager (Male) |
| 2:25 | Crear | Villager (Male) |
| 3:07 | Crear | Villager (Male) |
| 3:08 | Crear | Villager (Male) |
| 3:09 | Crear | Villager (Male) |
| 3:18 | Construir | House |
| 3:19 | Construir | House |
| 3:49 | Crear | Villager (Male) |
| 3:49 | Crear | Villager (Male) |
| 4:38 | Crear | Villager (Male) |
| 4:38 | Crear | Villager (Male) |
| 4:38 | Crear | Villager (Male) |
| 4:39 | Crear | Villager (Male) |
| 5:27 | Crear | Villager (Male) |
| 5:28 | Crear | Villager (Male) |
| 5:28 | Crear | Villager (Male) |
| 5:52 | Crear | Villager (Male) |
| 6:07 | Construir | Mill |
| 6:57 | Construir | Lumber Camp |
| 7:00 | Crear | Villager (Male) |
| 7:00 | Crear | Villager (Male) |
| 7:01 | Crear | Villager (Male) |
| 7:01 | Crear | Villager (Male) |
| 7:20 | Crear | Villager (Male) |
| 7:20 | Crear | Villager (Male) |
| 7:20 | Crear | Villager (Male) |
| 7:21 | Crear | Villager (Male) |
| 8:26 | Investigar | Loom |
| 8:32 | Investigar | Feudal Age |
| 8:36 | Construir | House |
| 9:13 | Construir | Mining Camp |
| 10:31 | Construir | Farm |
| 10:33 | Construir | Farm |
| 10:33 | Construir | Farm |
| 10:34 | Construir | Farm |
| 10:34 | Construir | Farm |
| 10:34 | Construir | Farm |
| 10:39 | Crear | Villager (Male) |
| 11:03 | Construir | Blacksmith |
| 11:19 | Construir | Market |
| 11:23 | Crear | Villager (Male) |
| 11:29 | Crear | Villager (Male) |
| 11:38 | Construir | Farm |
| 12:03 | Construir | Farm |
| 12:06 | Construir | Farm |
| 12:09 | Crear | Villager (Male) |
| 12:28 | Construir | Farm |
| 12:40 | Investigar | Castle Age |
| 12:41 | Investigar | Castle Age |
| 12:54 | Construir | House |
| 13:08 | Investigar | Horse Collar |
| 13:53 | Crear | Villager (Male) |
| 13:59 | Investigar | Double-Bit Axe |
| 15:08 | Construir | Town Center |
| 15:17 | Construir | Town Center |
| 15:19 | Crear | Villager (Male) |
| 15:39 | Construir | Monastery |
| 15:46 | Crear | Villager (Male) |
| 16:10 | Crear | Villager (Male) |
| 16:22 | Crear | Monk |
| 16:38 | Crear | Villager (Male) |
| 16:39 | Crear | Villager (Male) |
| 16:47 | Investigar | Heavy Plow |
| 16:51 | Investigar | Bow Saw |
| 16:58 | Construir | House |
| 16:59 | Construir | House |
| 17:04 | Investigar | Wheelbarrow |
| 17:06 | Investigar | Wheelbarrow |
| 17:11 | Crear | Villager (Male) |
| 17:18 | Crear | Villager (Male) |
| 17:24 | Construir | Farm |
| 17:24 | Construir | Farm |
| 17:28 | Crear | Villager (Male) |
| 17:30 | Crear | Villager (Male) |
| 17:39 | Crear | Monk |
| 18:01 | Crear | Villager (Male) |
| 18:02 | Crear | Villager (Male) |
| 18:06 | Construir | Farm |
| 18:06 | Construir | Farm |
| 18:10 | Construir | Farm |
| 18:16 | Construir | Farm |
| 18:17 | Crear | Villager (Male) |
| 18:18 | Crear | Villager (Male) |
| 18:26 | Construir | Farm |
| 18:29 | Construir | Farm |
| 18:31 | Crear | Villager (Male) |
| 18:32 | Crear | Villager (Male) |
| 18:49 | Crear | Villager (Male) |
| 18:57 | Construir | Mining Camp |
| 18:58 | Crear | Villager (Male) |
| 19:02 | Crear | Villager (Male) |
| 19:05 | Construir | Farm |
| 19:10 | Construir | House |
| 19:11 | Construir | House |
| 19:14 | Crear | Villager (Male) |
| 19:32 | Crear | Villager (Male) |
| 19:34 | Crear | Villager (Male) |
| 19:36 | Crear | Villager (Male) |
| 19:40 | Construir | Mill |
| 19:41 | Construir | Farm |
| 19:41 | Construir | Farm |
| 19:41 | Construir | Farm |
| 19:41 | Construir | Farm |
| 19:42 | Construir | Farm |
| 19:42 | Construir | Farm |
| 19:43 | Crear | Villager (Male) |
| 20:00 | Crear | Villager (Male) |
| 20:02 | Crear | Villager (Male) |
| 20:02 | Crear | Villager (Male) |
| 20:09 | Crear | Villager (Male) |
| 20:16 | Crear | Villager (Male) |
| 20:21 | Construir | House |
| 21:06 | Construir | House |
| 21:07 | Crear | Villager (Male) |
| 21:33 | Crear | Villager (Male) |
| 21:33 | Crear | Villager (Male) |
| 21:39 | Construir | Farm |
| 21:39 | Construir | Farm |
| 21:40 | Crear | Villager (Male) |
| 21:44 | Construir | Farm |
| 21:44 | Construir | Farm |
| 21:44 | Construir | Farm |
| 21:44 | Construir | Farm |
| 21:45 | Crear | Villager (Male) |
| 21:47 | Crear | Villager (Male) |
| 21:47 | Crear | Villager (Male) |
| 21:51 | Construir | House |
| 21:52 | Construir | House |
| 21:56 | Crear | Villager (Male) |
| 21:58 | Crear | Villager (Male) |
| 21:59 | Crear | Villager (Male) |
| 22:03 | Investigar | Hand Cart |
| 22:07 | Crear | Villager (Male) |
| 22:08 | Crear | Villager (Male) |
| 22:09 | Crear | Villager (Male) |
| 22:24 | Construir | Farm |
| 22:31 | Construir | Barracks |
Cronología de la partida
| 10:57 | CCM | Muflon de Elite · age_up feudal |
| 12:13 | F123DY · first_building Barracks |
| 12:18 | F123DY · age_up feudal |
| 13:17 | F123DY · first_building Siege Workshop |
| 14:27 | CCM | Muflon de Elite · age_up castle |
| 15:01 | DANIMAXDA11 · first_market_sell 100 stone |
| 15:32 | CCM | Muflon de Elite · first_building Monastery |
| 15:32 | Tomy25142 · first_market_buy 100 wood |
| 15:39 | Tomy25142 · first_building Monastery |
| 15:57 | Ulix21X · first_building Monastery |
| 15:57 | DANIMAXDA11 · first_building Barracks |
| 16:11 | axelCGOMarcus · first_market_sell 100 wood |
| 16:12 | axelCGOMarcus · first_market_buy 100 stone |
| 16:49 | CCM | Muflon de Elite · first_building Barracks |
| 17:04 | axelCGOMarcus · first_building Castle |
| 18:06 | DANIMAXDA11 · first_building Castle |
| 18:23 | DANIMAXDA11 · first_building Archery Range |
| 20:00 | DANIMAXDA11 · wall_segment Stone Wall x4 |
| 20:51 | CCM | Muflon de Elite · first_market_buy 100 stone |
| 21:09 | Ulix21X · first_building Castle |
| 21:48 | Ulix21X · first_market_sell 100 wood |
| 22:31 | Tomy25142 · first_building Barracks |
| 22:51 | DANIMAXDA11 · first_building Siege Workshop |
| 23:17 | Tomy25142 · first_building Archery Range |
| 24:06 | Ulix21X · first_building Barracks |
| 24:55 | CCM | Muflon de Elite · first_building Archery Range |
| 25:20 | Ulix21X · first_building Siege Workshop |
| 25:26 | Tomy25142 · first_building Castle |
| 26:31 | CCM | Muflon de Elite · first_market_sell 100 food |
| 27:12 | F123DY · age_up castle |
| 27:37 | Tomy25142 · wall_segment Stone Wall x4 |
| 28:24 | Ulix21X · first_building Stable |
| 28:27 | Tomy25142 · resign |
[ ANÁLISIS IA · 1 CRÉDITO ]
¿Qué pasó realmente en esta partida?
Wolo.gg analiza cada decisión: build order, eco, micro, errores típicos por bracket. Análisis personalizado por WhatsApp o Discord en 30 segundos.
Guía civ
Teutones
Perfil
Jugador #317112